 Dungeon Crawl Stone Soup version 0.31-a0-174-g85c54bcb58 (webtiles) character file.

Game seed: 8877403507814887344

25 qw the Shield-Bearer (level 3, -1/23 HPs)
             Began as a Gargoyle Fighter on June 15, 2023.
             Slain by a gnoll
             ... wielding a +0 spear
              (3 damage)
             ... on level 2 of the Dungeon.
             The game lasted 00:00:33 (1079 turns).

qw the Shield-Bearer (Gargoyle Fighter)             Turns: 1079, Time: 00:00:33

Health: -1/23      AC: 13    Str: 21    XL:     3   Next: 4%
Magic:  3/3        EV: 10    Int:  8    God:
Gold:   111        SH:  4    Dex:  9    Spells: 2/2 levels left

rFire   . . .        Y - +0 war axe
rCold   . . .        c - +0 buckler
rNeg    + . .        g - +3 ring mail
rPois   inf          i - +0 helmet
rElec   +            (no cloak)
rCorr   .            (no gloves)
SInv    .            (no boots)
Will    .....        (no amulet) Stlth
                     (no ring)
HPRegen 0.23/turn    (no ring)
MPRegen 0.08/turn

%: no passive effects
@: no status effects
A: sickness immunity, AC +3, negative energy resistance 1, electricity
resistance, torment resistance 1, petrification resistance
a: no special abilities


You were on level 2 of the Dungeon.
You visited 1 branch of the dungeon, and saw 2 of its levels.

You collected 111 gold pieces.


Innate Abilities, Weirdness & Mutations

You are immune to sickness and miasma.
Your stone body is resilient. (AC +3)
You are immune to poison.
You resist negative energy. (rN+)
You are resistant to electric shocks. (rElec)
You are resistant to unholy torment.
You are immune to petrification.


   Skills:
 - Level 3.2 Fighting
 + Level 3.1 Axes
 - Level 3.2 Armour
 - Level 3.2 Shields


You had 2 spell levels left.
You didn't know any spells.
Your spell library was empty.

Inventory:

Hand Weapons
 j - a +0 whip
 Y - a +0 war axe (weapon)
Armour
 c - a +0 buckler (worn)
 g - a +3 ring mail (worn)
 i - a +0 helmet (worn)
Jewellery
 a - a +5 ring of evasion
Potions
 b - a potion of heal wounds {unknown}
 d - 2 potions of might
 e - a potion of degeneration {unknown}
 k - a potion of enlightenment {unknown}
 m - a potion of mutation {unknown}

Dungeon Overview and Level Annotations

Branches:
Dungeon (2/15)

Altars:


Message History

Enter note:
Enter note: The gnoll hits you with a +0 spear!
Enter note:
Enter note:
Enter note:
Enter note: You hit the gnoll.
The gnoll is lightly wounded.
The gnoll hits you from afar with a +0 spear.
You closely miss the gnoll.
The gnoll is lightly wounded.
The gnoll hits you but does no damage. The gnoll closely misses you.
The gnoll hits you but does no damage. The gnoll hits you with a +0 spear.
The gnoll closely misses you.
The gnoll hits you from afar with a +0 halberd.
You hit the gnoll.
The gnoll is lightly wounded.
The gnoll hits you but does no damage.
The gnoll hits you from afar with a +0 halberd.
The gnoll closely misses you.
You hit the gnoll but do no damage.
The gnoll is lightly wounded.
The gnoll barely misses you.
The gnoll hits you but does no damage. x2
You closely miss the gnoll.
The gnoll is lightly wounded.
You block the gnoll's attack. The gnoll hits you but does no damage.
The gnoll barely misses you. The gnoll hits you with a +0 spear.
The gnoll closely misses you. x2
You hit the gnoll but do no damage.
The gnoll is lightly wounded.
You block the gnoll's attack. The gnoll barely misses you. x2
You barely miss the gnoll.
The gnoll is lightly wounded.
The gnoll barely misses you. x2; The gnoll hits you but does no damage.
You barely miss the gnoll.
The gnoll is lightly wounded.
You block the gnoll's attack. The gnoll hits you but does no damage.
The gnoll hits you with a +0 spear.
You die...

......#......# #.#........
......#......# #.#.#...##.
......#......###### ##.#...#....
......##.....##...##.##.....#.##.
......##..#####...........#.#.##.
......###..## #.............#.##.
......# ##..###......######.#.##.
#...##.###..# #......
#......@ggg.# #.#.(#.
#....%##.#..# .......
#......?.....g.<... .....#.
#.......#.##>.... . .##.##.
#.......#.# .#..... #....
#####...... .##.##. #.###
#.#..##### ## ..... ..... #.#..
....... .....


You could see 4 gnolls.

Vanquished Creatures
  An endoplasm (D:1)
  A giant cockroach (D:2)
  4 ball pythons
  6 bats
  3 frilled lizards (D:1)
  3 goblins
  8 kobolds
  2 rats (D:1)
28 creatures vanquished.

Notes
Turn   | Place    | Note
-------+----------+-------------------------------------------
     0 | D:1      | qw the Gargoyle Fighter began the quest for the Orb.
     0 | D:1      | Reached XP level 1. HP: 14/14 MP: 1/1
     0 | D:1      | 0 ||| qw: Version: 0.2-a-29-g511e9b1
     0 | D:1      | 0 ||| qw: Game counter: 5293
     0 | D:1      | 0 ||| qw: Always use a shield: true
     0 | D:1      | 0 ||| qw: God list: Okawaru
     0 | D:1      | 0 ||| qw: Allow faded altars: false
     0 | D:1      | 0 ||| qw: Do Orc after D:15 true
     0 | D:1      | 0 ||| qw: Do second Lair branch before Depths: true
     0 | D:1      | 0 ||| qw: Lair rune preference: random
     0 | D:1      | 0 ||| qw: Plans: Normal, Zot:1-4, Slime:5, God:TSO, Crypt,
                  | Tomb, Abyss, Pan, Hells, Win
     0 | D:1      | 0 ||| PLANNING D:1-11
   285 | D:1      | Reached XP level 2. HP: 19/19 MP: 2/2
   324 | D:1      | 324 ||| DROPPING +0 club.
   759 | D:1      | 759 ||| Stepping ~*~*~tactically~*~*~ (stealth).
   760 | D:1      | 760 ||| Stepping ~*~*~tactically~*~*~ (stealth).
   767 | D:1      | 767 ||| Stepping ~*~*~tactically~*~*~ (stealth).
   768 | D:1      | 768 ||| Stepping ~*~*~tactically~*~*~ (stealth).
   797 | D:1      | Found a faded altar of an unknown god.
   801 | D:1      | 801 ||| UPGRADING to +3 ring mail.
   811 | D:1      | 811 ||| DROPPING +0 scale mail.
   812 | D:1      | 812 ||| UPGRADING to +0 helmet.
   817 | D:1      | 817 ||| READING scroll labelled WACHIREUMA.
   818 | D:1      | 818 ||| READING scroll labelled KUKKUO LIASHORPH.
   819 | D:1      | 819 ||| READING scroll labelled GOZONT WEIRGH.
   832 | D:1      | 832 ||| READING scroll labelled WASKI GEFYASOMM.
  1001 | D:2      | Reached skill level 3 in Axes
  1047 | D:2      | Reached XP level 3. HP: 23/23 MP: 3/3
  1067 | D:2      | 1067 ||| Stepping ~*~*~tactically~*~*~ (hiding).
  1069 | D:2      | 1069 ||| Stepping ~*~*~tactically~*~*~ (hiding).
  1074 | D:2      | HP: 3/23 [gnoll/+0 halberd (6)]
  1076 | D:2      | HP: 1/23 [gnoll/+0 spear (3)]
  1079 | D:2      | Slain by a gnoll

Levels and vault maps discovered:
D:1:      tarquinn_simple_flora_water_e, layout_basic,
          shapermc_ecumenical_altar_petra, nicolae_figureground_pulse
D:2:      layout_basic, minmay_snake_closets, uniq_sigmund

Skill      XL: |  1  2 |
---------------+-------+-----
Axes           | 2 3 |  3.1
Fighting       | |  3.2
Armour         | |  3.2
Shields        | |  3.2

Action                     || total
---------------------------++-------
  Melee: War axe           ||    71
    Use: Scroll            ||     4
 Armour: Scale mail        ||    26
         Ring mail         ||    20
  Dodge: Dodged            ||    43
  Block: Buckler           ||    12

Table legend:
 A = Non-vault XP
 B = Vault XP
 C = Vault XP percentage of total XP
 D = Non-vault monster count
 E = Vault monster count
 F = Vault count percentage of total count
                 A         B        C        D         E       F
            +---------+---------+-------+---------+---------+-------
      Total |      36 |       0 |   0.0 |      28 |       0 |   0.0
            +---------+---------+-------+---------+---------+-------
        D:1 |      26 |       0 |   0.0 |      21 |       0 |   0.0
        D:2 |      10 |       0 |   0.0 |       7 |       0 |   0.0
            +---------+---------+-------+---------+---------+-------
